AoeStats
← Roronoa Yolo

Nomad

510655191Analyzed
2v2 RM · 22h ago on Oct 2, 2026· 35m 55s· 4 players
Game mode
Random Map
Map size
176×176
Population
200
Speed
Normal
Resources
Standard
Victory
Conquest
Starting age
Dark Age
Ending age
Imperial Age
RankedLock teamsTeams togetherTeam positionsShared explorationLock speedFull tech treeHidden civsTurbo modeCheats
Victory
Defeat
🇫🇷 Dravidians · France
1671
+11
🇲🇽 Persians · Mexico
1528
+16
🇲🇽 Italians · Mexico
1580
-15
🇵🇪 Varangians · Peru
1512
-12
Roronoa Yolo
4:51 Loom
14:03 Feudal Age
14:35 Double-Bit Axe
14:42 Gold Mining
19:24 Castle Age
17:20 Fletching
17:13 Fishing Lines
20:19 Medium Warships
20:03 Gillnets
21:19 Bow Saw
22:27 Bodkin Arrow
28:43 Imperial Age
26:28 Padded Archer Armor
28:20 Wheelbarrow
27:31 Town Watch
28:04 Leather Archer Armor
29:49 Bracer
31:17 Chemistry
31:06 Horse Collar
31:47 Devotion
32:09 Ballistics
33:41 Ring Archer Armor
35:19 Masonry
35:34 Heavy Plow
Moctezuma
9:13 Loom
11:26 Feudal Age
11:58 Double-Bit Axe
12:46 Town Watch
13:01 Fishing Lines
19:51 Castle Age
22:00 Gillnets
24:16 Wheelbarrow
30:32 Imperial Age
32:05 Chemistry
31:12 Scale Barding Armor
31:48 Horse Collar
32:24 Bow Saw
33:00 Conscription
33:13 Bloodlines
32:23 Cavalier
34:12 Medium Warships
34:48 Elite Cannon Galleon
36:17 Husbandry
36:29 Forging
JAGR | Virus
4:54 Loom
10:58 Feudal Age
11:31 Double-Bit Axe
15:20 Wheelbarrow
18:00 Castle Age
16:17 Fletching
18:36 Bodkin Arrow
19:00 Bow Saw
24:12 Town Watch
30:42 Sanctity
37:15 Imperial Age
JAGR | BkB
4:38 Loom
13:59 Feudal Age
14:35 Double-Bit Axe
15:53 Fletching
24:04 Castle Age
22:14 Horse Collar
26:35 Wheelbarrow
28:41 Bodkin Arrow
28:50 Padded Archer Armor
29:05 Elite Skirmisher
29:41 Bodkin Arrow
33:34 Heavy Plow
33:45 Bow Saw
35:19 Hand Cart
38:54 Imperial Age
Connection lost

Rejoining the realm…

Still unreachable

The connection could not be restored.

Session expired

The server has moved on; the page needs a fresh start.